AoeStats
← mitchmersa

Arena

504113333Analyzed
1v1 RM · 6d ago on Sep 4, 2026· 47m 49s· 2 players
Game mode
Random Map
Map size
Tiny (2 player)
Population
200
Speed
Normal
Resources
Standard
Victory
Conquest
Starting age
Dark Age
Ending age
Imperial Age
RankedLock teamsTeams togetherTeam positionsShared explorationLock speedFull tech treeHidden civsTurbo modeCheats
Victory
Defeat
🇦🇺 Byzantines · Australia
176
+11
🇦🇺 Inca · Australia
52
-11
mitchmersa
8:46 Loom
11:53 Feudal Age
14:29 Wheelbarrow
23:50 Fletching
29:43 Castle Age
37:04 Horse Collar
39:48 Ballistics
39:46 Murder Holes
39:34 Treadmill Crane
40:57 Heavy Plow
41:14 Guard Tower
44:02 Fortified Wall
44:04 Masonry
44:11 Scale Mail Armor
44:41 Forging
44:53 Double-Bit Axe
45:24 Bodkin Arrow
46:42 Hand Cart
46:16 Town Watch
vitorsd81
0:52 Loom
17:19 Feudal Age
17:47 Double-Bit Axe
17:46 Horse Collar
18:01 Gold Mining
18:05 Arson
19:00 Stone Mining
19:32 Scale Mail Armor
20:37 Forging
23:10 Wheelbarrow
27:55 Castle Age
27:18 Scale Barding Armor
27:14 Padded Archer Armor
27:16 Man-at-Arms
27:58 Fletching
28:44 Husbandry
30:13 Gold Shaft Mining
30:08 Light Cavalry
34:05 Stone Shaft Mining
33:50 Leather Archer Armor
34:38 Squires
34:24 Gambesons
34:00 Long Swordsman
34:26 Elite Skirmisher
34:28 Crossbowman
39:19 Imperial Age
40:01 Hand Cart
40:26 Bodkin Arrow
41:02 Ring Archer Armor
40:48 Chain Mail Armor
41:09 Iron Casting
40:58 Chain Barding Armor
41:17 Heavy Plow
41:40 Heavy Camel Rider
41:46 Cavalier
42:23 Pikeman
45:08 Greek Fire
44:38 Capped Ram
46:21 Arbalester
Connection lost

Rejoining the realm…

Still unreachable

The connection could not be restored.

Session expired

The server has moved on; the page needs a fresh start.